Workbook

Sheet Anleitung
B2: Firmenplan
B3: Umsatz- und Kostenplanung von Firmenplan
B4: Dein Unternehmen in Zahlen.
B6: Wofür ist diese Vorlage?
B7: Mit dieser Vorlage planst du deine betrieblichen Umsätze und Kosten über zwölf Monate und siehst, welches betriebliche Ergebnis sich daraus je Monat und für das ganze Jahr ergibt.
B9: Grundprinzip
B10: Betriebliches Ergebnis = Umsatz − betriebliche Kosten
B11: Das Ergebnis wird je Monat und für die zwölf Monate berechnet. Es darf auch negativ sein.
B13: Was du eingibst (Blatt „Planung“)
B14: • Startmonat – daraus ergeben sich die zwölf Monate. Leer gelassen heißen sie „Monat 1“ bis „Monat 12“.
B15: • Geplante Umsätze und geplante betriebliche Kosten je Monat, jeweils als positiver Betrag.
B16: Leere Felder zählen als 0 €. Centbeträge sind möglich.
... B48: Firmenplan · Dein Unternehmen in Zahlen. · firmenplan.de

Sheet Planung
A1: Firmenplan · Umsatz- und Kostenplanung
A2: Umsatz- und Kostenplanung über zwölf Monate
A4: Startmonat | B4: erster Tag, z. B. 01.01.2027
A6: Position | B6: Bezeichnung | C6: =IF($C$4="","Monat 1",DATE(YEAR($C$4),MONTH($C$4)+0,1)) | D6: =IF($C$4="","Monat 2",DATE(YEAR($C$4),MONTH($C$4)+1,1)) | E6: =IF($C$4="","Monat 3",DATE(YEAR($C$4),MONTH($C$4)+2,1)) | F6: =IF($C$4="","Monat 4",DATE(YEAR($C$4),MONTH($C$4)+3,1)) | G6: =IF($C$4="","Monat 5",DATE(YEAR($C$4),MONTH($C$4)+4,1)) | H6: =IF($C$4="","Monat 6",DATE(YEAR($C$4),MONTH($C$4)+5,1)) | I6: =IF($C$4="","Monat 7",DATE(YEAR($C$4),MONTH($C$4)+6,1)) | J6: =IF($C$4="","Monat 8",DATE(YEAR($C$4),MONTH($C$4)+7,1)) | K6: =IF($C$4="","Monat 9",DATE(YEAR($C$4),MONTH($C$4)+8,1)) | L6: =IF($C$4="","Monat 10",DATE(YEAR($C$4),MONTH($C$4)+9,1)) | M6: =IF($C$4="","Monat 11",DATE(YEAR($C$4),MONTH($C$4)+10,1)) | N6: =IF($C$4="","Monat 12",DATE(YEAR($C$4),MONTH($C$4)+11,1)) | O6: 12 Monate
A7: Umsatz | C7: =SUM(C12:C26) | D7: =SUM(D12:D26) | E7: =SUM(E12:E26) | F7: =SUM(F12:F26) | G7: =SUM(G12:G26) | H7: =SUM(H12:H26) | I7: =SUM(I12:I26) | J7: =SUM(J12:J26) | ... N7: =SUM(N12:N26) | O7: =SUM(C7:N7)
A8: Betriebliche Kosten | C8: =SUM(C29:C60) | D8: =SUM(D29:D60) | E8: =SUM(E29:E60) | F8: =SUM(F29:F60) | G8: =SUM(G29:G60) | H8: =SUM(H29:H60) | I8: =SUM(I29:I60) | J8: =SUM(J29:J60) | ... N8: =SUM(N29:N60) | O8: =SUM(C8:N8)
A9: Betriebliches Ergebnis | C9: =C7-C8 | D9: =D7-D8 | E9: =E7-E8 | F9: =F7-F8 | G9: =G7-G8 | H9: =H7-H8 | I9: =I7-I8 | J9: =J7-J8 | ... O9: =O7-O8
A11: Umsätze (positive Beträge)
A12: Leistungen / Projekte | O12: =SUM(C12:N12)
A13: Leistungen / Projekte | O13: =SUM(C13:N13)
A14: Leistungen / Projekte | O14: =SUM(C14:N14)
A15: Leistungen / Projekte | O15: =SUM(C15:N15)
A16: Leistungen / Projekte | O16: =SUM(C16:N16)
A17: Leistungen / Projekte | O17: =SUM(C17:N17)
A18: Produkte / Waren | O18: =SUM(C18:N18)
A19: Produkte / Waren | O19: =SUM(C19:N19)
A20: Produkte / Waren | O20: =SUM(C20:N20)
A21: Wiederkehrende Umsätze | O21: =SUM(C21:N21)
A22: Wiederkehrende Umsätze | O22: =SUM(C22:N22)
A23: Wiederkehrende Umsätze | O23: =SUM(C23:N23)
... A26: Sonstige betriebliche Umsätze | O26: =SUM(C26:N26)
A28: Betriebliche Kosten (positive Beträge)
A29: Material / Waren / Fremdleistungen | O29: =SUM(C29:N29)
A30: Material / Waren / Fremdleistungen | O30: =SUM(C30:N30)
A31: Material / Waren / Fremdleistungen | O31: =SUM(C31:N31)
A32: Personal | O32: =SUM(C32:N32)
A33: Personal | O33: =SUM(C33:N33)
A34: Personal | O34: =SUM(C34:N34)
A35: Miete / Räume | O35: =SUM(C35:N35)
A36: Miete / Räume | O36: =SUM(C36:N36)
A37: Miete / Räume | O37: =SUM(C37:N37)
A38: Versicherungen / Beiträge | O38: =SUM(C38:N38)
A39: Versicherungen / Beiträge | O39: =SUM(C39:N39)
A40: Versicherungen / Beiträge | O40: =SUM(C40:N40)
... A60: Sonstige betriebliche Kosten | O60: =SUM(C60:N60)

Sheet Übersicht
A1: Firmenplan · Umsatz- und Kostenplanung
A2: Übersicht über zwölf Monate
A3: Alle Werte werden aus dem Blatt „Planung“ übernommen.
A5: Geplanter Jahresumsatz | B5: ='Planung'!O7
A6: Geplante betriebliche Kosten im Jahr | B6: ='Planung'!O8
A7: Geplantes betriebliches Jahresergebnis | B7: ='Planung'!O9
A8: Durchschnittlicher Monatsumsatz | B8: ='Planung'!O7/12
A9: Durchschnittliche monatliche betriebliche Kosten | B9: ='Planung'!O8/12
A10: Monat mit höchstem Umsatz | B10: =IF(COUNTIF('Planung'!$C$7:$N$7,"<>0")=0,"–",INDEX('Planung'!$C$6:$N$6,1,MATCH(MAX('Planung'!$C$7:$N$7),'Planung'!$C$7:$N$7,0)))
A11: Monat mit niedrigstem Umsatz | B11: =IF(COUNTIF('Planung'!$C$7:$N$7,"<>0")=0,"–",INDEX('Planung'!$C$6:$N$6,1,MATCH(MIN('Planung'!$C$7:$N$7),'Planung'!$C$7:$N$7,0)))
A12: Monat mit höchstem betrieblichen Ergebnis | B12: =IF(COUNTIF('Planung'!$C$9:$N$9,"<>0")=0,"–",INDEX('Planung'!$C$6:$N$6,1,MATCH(MAX('Planung'!$C$9:$N$9),'Planung'!$C$9:$N$9,0)))
A13: Monat mit niedrigstem betrieblichen Ergebnis | B13: =IF(COUNTIF('Planung'!$C$9:$N$9,"<>0")=0,"–",INDEX('Planung'!$C$6:$N$6,1,MATCH(MIN('Planung'!$C$9:$N$9),'Planung'!$C$9:$N$9,0)))
A14: Monate mit negativem betrieblichen Ergebnis | B14: =COUNTIF('Planung'!$C$9:$N$9,"<0")
A16: „–“ bedeutet: Alle Monatswerte sind 0 €. Bei gleichen Werten wird der erste Monat genannt. Das Ergebnis ist vor Steuern und persönlichen Belastungen und kein Kontostand.
